 Dungeon Crawl Stone Soup version 0.17-a0-1262-gd250d98 (webtiles) character file.

245 kidanger the Bolt Thrower (level 5, -2/42 HPs)
             Began as a Centaur Hunter on June 6, 2015.
             Slain by a quokka (3 damage)
             ... on level 3 of the Dungeon.
             The game lasted 00:03:38 (1331 turns).

kidanger the Bolt Thrower (Centaur Hunter)          Turns: 1331, Time: 00:03:38

Health: -2/42      AC:  9    Str: 15    XL:     5   Next: 83%
Magic:  5/5        EV:  9    Int: 10    God:
Gold:   101        SH:  0    Dex: 10    Spells: 0 memorised, 4 levels left

rFire  . . .     SeeInvis .     n - +0 scythe (protect)
rCold  . . .     Clarity  .     d - +0 leather armour
rNeg   . . .     SustAt   .     (no shield)
rPois  .         Gourm    .     (no helmet)
rElec  .         Spirit   .     (no cloak)
rCorr  .         Warding  .     (no gloves)
rMut   .         Stasis   .     (no barding)
MR     .....                    (no amulet)
Stlth  +.........               (no ring)
                                (no ring)

@: very quick, not resistant to hostile enchantments, very unstealthy
A: hooves 3, deformed body, speed 2, tough skin 3
a: no special abilities


You were on level 3 of the Dungeon.
You were not hungry.

You visited 1 branch of the dungeon, and saw 3 of its levels.

You collected 101 gold pieces.

Inventory:

Hand weapons
 a - a +1 hand crossbow
 c - a +0 short sword
 n - a +0 scythe of protection (weapon)
Armour
 d - a +0 leather armour (worn)
Jewellery
 g - an uncursed amulet of resist mutation {unknown}
Scrolls
 f - a scroll of teleportation {unknown}
 h - a scroll of amnesia {unknown}
 i - 5 scrolls of identify {unknown}
 l - a scroll of blinking {unknown}
Potions
 j - a potion of curing {unknown}
 k - a potion of heal wounds {unknown}
 m - a potion of lignification {unknown}
Comestibles
 e - 2 bread rations


   Skills:
 + Level 2.3 Fighting
 + Level 7.2 Crossbows
 + Level 0.5 Armour
 + Level 2.0 Dodging
 + Level 0.6 Stealth


You had 4 spell levels left.
You didn't know any spells.

Dungeon Overview and Level Annotations

Branches:
Dungeon (3/15)

Altars:


Innate Abilities, Weirdness & Mutations

You have hooves in place of feet.
Armour fits poorly on your strangely shaped body.
You cover ground very quickly.
You have extremely tough skin (AC +3).


Message History

The quokka bites you.
* * * LOW HITPOINT WARNING * * *
The hobgoblin hits you but does no damage.
You completely miss the quokka. The goblin barely misses you.
The quokka bites you but does no damage.
The goblin hits you but does no damage. x2
The hobgoblin barely misses you. The goblin barely misses you.
The quokka misses you. The goblin barely misses you.
The goblin hits you but does no damage.
You completely miss the quokka. The quokka barely misses you.
The hobgoblin hits you but does no damage.
The goblin hits you.
* * * LOW HITPOINT WARNING * * *
The goblin hits you but does no damage. The goblin hits you.
* * * LOW HITPOINT WARNING * * *
The quokka misses you. The goblin barely misses you.
The hobgoblin hits you but does no damage.
The goblin barely misses you. x2
The quokka bites you.
You die...

#### ...>####
##..#<######
#####..........# #
..............#
... ##..#........#
##$.##...........#
......)gg........#
......g@g..#######
.....<)r..##
.#...!.$.....
#..(........#
#.(......####
..(.......#
........(.#
(#........#


You could see a quokka, a hobgoblin (frenzied) and 3 goblins.

Vanquished Creatures
  Sigmund (D:2)
  Terence (D:2)
  Robin (D:3)
  An adder (D:3)
  3 worms (D:2)
  A giant gecko (D:1)
  2 giant cockroaches (D:1)
  6 hobgoblins
  6 kobolds
  A bat (D:1)
  3 giant newts
  6 goblins
  4 rats
36 creatures vanquished.

Notes
Turn   | Place    | Note
--------------------------------------------------------------
     0 | D:1      | kidanger the Centaur Hunter began the quest for the Orb.
     0 | D:1      | Reached XP level 1. HP: 17/17 MP: 1/1
   279 | D:1      | Reached XP level 2. HP: 24/24 MP: 2/2
   756 | D:2      | Reached skill level 5 in Crossbows
   872 | D:2      | Noticed Sigmund
   883 | D:2      | Killed Sigmund
   883 | D:2      | Reached skill level 6 in Crossbows
   883 | D:2      | Reached XP level 3. HP: 28/30 MP: 3/3
   883 | D:2      | Reached XP level 4. HP: 34/37 MP: 4/4
   883 | D:2      | Reached XP level 5. HP: 38/42 MP: 5/5
  1051 | D:2      | Noticed Terence
  1053 | D:2      | Reached skill level 7 in Crossbows
  1074 | D:2      | Killed Terence
  1315 | D:3      | Noticed Robin
  1328 | D:3      | Killed Robin
  1329 | D:3      | HP: 2/42 [quokka (2)]
  1331 | D:3      | Slain by a quokka

Vault maps used:
D:1:      evilmike_arrival_fibonacci_small, minmay_strange_pillars
D:2:      uniq_terence, uniq_sigmund
D:3:      first_bread, uniq_robin

Action                   |  1- 3 |  4- 6 || total
-------------------------+-------+-------++-------
Melee: Scythe            |       |    33 ||    33
 Fire: Hand crossbow     |    42 |    42 ||    84
